Description

Build from SortOf's standard early game tutorial.

VOD

https://www.youtube.com/watch?v=p3s1PIsMM3g

Replay - A.I. 1 (Very Easy) v SortOf - Nightshade LE

Build Order

Get SALT Encoding   

  13  0:12  Overlord  
  16  0:48  Hatchery  
  18  1:09  Extractor  
  17  1:13  Spawning Pool  
  21  2:00  Queen x2  
  21  2:01  Zergling x4  
  27  2:10  Overlord  
  28  2:22  Hatchery  
  27  2:29  Metabolic Boost  
  31  2:45  Overlord  
  32  2:54  Queen  
  38  3:12  Overlord  
  39  3:19  Queen  
  45  3:35  Queen  
  49  3:42  Zergling x6  
  49  3:45  Overlord  
  54  3:55  Lair  
  57  4:05  Extractor  
  57  4:07  Baneling Nest  
  60  4:17  Zergling x4  
  60  4:21  Queen  
  73  4:38  Extractor x2  
  77  4:55  Overseer  
  78  5:02  Evolution Chamber x2  
  86  5:16  Extractor x2  
  86  5:36  Hatchery  
Spawning Tool Build Advisor. Get it on Overwolf

Go to:

Details

  • Created by: janpol8
  • Published on: Nov 04, 2020
  • Modified on: Jul 25, 2021
  • Patch: 4.11.0
  • Difficulty: Easy
Show
View Real Time Build Order
Export as new Build Order

Comments (0)

There are no comments. Be the first!

Create an account to comment!